[Event "Polofinale MCR junioru 2023"]
[Site "Czech Republic"]
[Date "2023.11.14"]
[Round "4.32"]
[White "Bednar, Milos"]
[Black "Meca, Viktor"]
[Result "1-0"]
[TimeControl "90 min per 40 moves + 15 min + 30 sec / move from move 1"]
[WhiteFideId "23709812"]
[BlackFideId "23739800"]
[WhiteElo "1833"]
[BlackElo "1642"]

1. e4 c5 2. Nf3 d6 3. d4 cxd4 4. Nxd4 Nf6 5. Nc3 g6 6. Be2 Bg7 7.
Be3 O-O 8. Qd2 Nc6 9. O-O Bd7 10. Rac1 Rc8 11. f3 Ne5 12. Nd5 Nxd5 13. exd5 Nc4 14. Bxc4 Rxc4 15. b3 Rc8 16. c4 Re8 17. Ne2 e6 18. dxe6 Bxe6 19. Nc3 Qa5 20. Bd4 Bf8 21.
Rfd1 Bg7 22. Bxg7 Kxg7 23. Ne4 Qxd2 24. Rxd2 Rcd8 25. Nxd6 Re7 26. Nf5+ 1-0

[Event "Polofinale MCR junioru 2023"]
[Site "Czech Republic"]
[Date "2023.11.14"]
[Round "4.33"]
[White "Brychta, David"]
[Black "Siles, Jan"]
[Result "0-1"]
[TimeControl "90 min per 40 moves + 15 min + 30 sec / move from move 1"]
[WhiteFideId "23742798"]
[BlackFideId "23715405"]
[WhiteElo "1230"]
[BlackElo "1829"]

1. d4 Nf6 2. g3 e6 3. Bg2 c5 4. Nf3 Nc6 5. O-O cxd4 6. Nxd4 d5 7. Nxc6 bxc6 8. c4 Bd6 9. cxd5 exd5 10.
Nc3 O-O 11. e4 dxe4 12. Nxe4 Nxe4 13. Bxe4 Ba6 14. Bd3 Bxd3 15. Qxd3 Qc7 16. Be3 Rad8 17. Qc2 h5 18. Rac1 Rc8 19.
Bc5 Rfd8 20. Bxd6 Rxd6 21. Rfd1 Rf6 22. Qd2 Re8 23. Rc2 Qe5 24. Qd4 Qf5 25. Rcd2 Rfe6 26. Rf1 h4 27. Qxh4 g5 28.
Qd4 Qh3 29. f4 g4 30. Qf2 a6 31. Rfd1 Kh7 32. f5 Re3 33. Qg2 Qh5 34. Qf2 R8e5 35. Qg2 Qxf5 36. Rf2 Qg6 37. Rdf1 f5 38.
h3 Kg7 39. hxg4 fxg4 40. Rf7+ Qxf7 41. Rxf7+ Kxf7 42. Qf2+ Kg7 43. Kf1 Rf3 0-1

[Event "Polofinale MCR junioru 2023"]
[Site "Czech Republic"]
[Date "2023.11.14"]
[Round "4.34"]
[White "Jurok, Vojtech"]
[Black "Kocman, Patrik"]
[Result "0-1"]
[TimeControl "90 min per 40 moves + 15 min + 30 sec / move from move 1"]
[WhiteFideId "23741023"]
[BlackFideId "23735732"]
[WhiteElo "1801"]
[BlackElo "1478"]

1. e4 e5 2. Nf3 Nc6 3. d4 exd4 4.
Bc4 Bb4+ 5. c3 dxc3 6. bxc3 Ba5 7. O-O d6 8. Ba3 Be6 9. Bxe6 fxe6 10. Qb3 Qd7 11. Nbd2 O-O-O 12. Rfd1 Bb6 13.
c4 e5 14. Rab1 Na5 15. Qc3 c5 16. Nb3 Nxb3 17. Qxb3 Qc7 18. Ng5 Re8 19. Qh3+ Kb8 20. Qd3 h6 21. Nf3 Re6 22. Nh4 Ne7 23.
Nf3 g5 24. Ne1 h5 25. Nc2 g4 26. Ne3 Rg6 27. Nd5 Nxd5 28. Qxd5 Rf8 29. Rd3 Qf7 30. Rb2 Qxd5 31. exd5 Rgf6 32.
g3 Ba5 33. Re2 a6 34. Bc1 Rg6 35. a4 Bd8 36. Kg2 Bg5 37. Bxg5 Rxg5 38. h3 Rgf5 39. hxg4 hxg4 40. Kg1 Kc7 41.
Rb3 R8f7 42. Reb2 Kc8 43. Rb6 Rd7 44. Re2 Rf3 45. Re4 Kc7 46. Rb2 Rg7 47. Ra2 Rd3 48. Re3 Rxe3 49. fxe3 Rf7 50.
Rh2 Kb6 51. Rh6 Rd7 52. Rg6 Ka5 53. Rxg4 Kxa4 54. Rg8 Kb4 55. g4 Kxc4 0-1

[Event "Polofinale MCR junioru 2023"]
[Site "Czech Republic"]
[Date "2023.11.14"]
[Round "4.35"]
[White "Pistej, Tomas"]
[Black "Kulhanek, Jachym"]
[Result "0-1"]
[TimeControl "90 min per 40 moves + 15 min + 30 sec / move from move 1"]
[WhiteFideId "23750740"]
[BlackFideId "23716193"]
[WhiteElo "1502"]
[BlackElo "2056"]

1. e4 c5 2. Nc3 d6 3. f4 g6 4. Nf3 Bg7 5. Bc4 e6 6. O-O Ne7 7. d3 O-O 8. Qe1 Nbc6 9. f5 exf5 10.
Qh4 h5 11. Bg5 Qe8 12. Nb5 Qd7 13. Qg3 d5 14. exd5 Nd4 15. Nfxd4 cxd4 16. Rae1 Nxd5 17. Bxd5 Qxb5 18. Bc4 Qc6 19.
Re7 Be6 20. Bxe6 fxe6 21. Bf4 Rf7 22. Rc7 Rxc7 23. Bxc7 Kf7 24. Be5 Bxe5 25. Qxe5 Rd8 26. Re1 Qd6 27. Qa5 a6 28. Re2 b5 29.
a3 e5 30. Qe1 Re8 31. h4 Re6 32. g3 Qd5 33. Kf2 e4 34. dxe4 fxe4 35. Kg1 e3 36. Qf1+ Rf6 37. Qg2 Qxg2+ 38. Kxg2 Ke6 39. b3 Kd5 40. Kg1 Ke5 0-1

[Event "Polofinale MCR junioru 2023"]
[Site "Czech Republic"]
[Date "2023.11.14"]
[Round "4.36"]
[White "Vasinek, Martin"]
[Black "Slaby, Matej"]
[Result "0-1"]
[TimeControl "90 min per 40 moves + 15 min + 30 sec / move from move 1"]
[WhiteFideId "392200"]
[BlackFideId "23734876"]
[WhiteElo "1987"]
[BlackElo "1940"]

1. d4 Nf6 2. c4 g6 3. Nf3 Bg7 4. Nc3 O-O 5. e4 d6 6. Be2 e5 7. d5 Nbd7 8. O-O Nc5 9. Qc2 a5 10.
Ne1 Ne8 11. Be3 f5 12. f3 f4 13. Bf2 Bd7 14. b3 g5 15. Rb1 h5 16. a3 Rf6 17. b4 axb4 18. axb4 Na4 19. c5 Rg6 20.
Nxa4 Bxa4 21. Qc4 Bd7 22. b5 dxc5 23. Qxc5 g4 24. g3 b6 25. Qc2 h4 26. Kg2 hxg3 27. hxg3 fxg3 28. Bxg3 Ra3 29.
Rb3 gxf3+ 30. Nxf3 Rxb3 31. Qxb3 Nd6 32. Bd3 Bf6 33. Rh1 Rg4 34. Qb1 Qe8 35. Qd1 Qg6 36. Qe1 Bxb5 37. Bxb5 Nxb5 38.
Rh3 Qxe4 39. Qd1 Nd4 0-1

[Event "Polofinale MCR junioru 2023"]
[Site "Czech Republic"]
[Date "2023.11.14"]
[Round "4.37"]
[White "Popov, Roman"]
[Black "Hampl, David"]
[Result "1-0"]
[TimeControl "90 min per 40 moves + 15 min + 30 sec / move from move 1"]
[WhiteFideId "23732580"]
[BlackFideId "398802"]
[WhiteElo "1889"]
[BlackElo "1801"]

1. d4 Nf6 2. c4 g6 3. Nc3 d5 4. Nf3 Bg7 5. Bf4 O-O 6. e3 c6 7. h3 Bf5 8. Bd3 Ne4 9. O-O Nd7 10.
Bxe4 Bxe4 11. Nxe4 dxe4 12. Ng5 e5 13. dxe5 Nxe5 14. Bxe5 Bxe5 15. Nxe4 Qb6 16. Qc2 Rad8 17. Rad1 Rfe8 18.
b3 a5 19. Ng5 Bf6 20. Nf3 Bg7 21. Rxd8 Rxd8 22. Rd1 Bf6 23. Rxd8+ Qxd8 24. Qd2 Qc7 25. Qd3 Qe7 26. a4 Qb4 27.
g3 Qb6 28. Nd2 Qb4 29. Ne4 Be5 30. Kg2 Qe7 31. c5 f5 32. Nd6 Kg7 33. Qd2 Kg8 34. Qxa5 Bxd6 35. cxd6 Qxd6 36. Qa8+ Kg7 37.
Qxb7+ Kh6 38. Qf7 Qb4 39. Qc4 Qb6 40. Qh4+ Kg7 41. Qd4+ Qxd4 42. exd4 1-0

[Event "Polofinale MCR junioru 2023"]
[Site "Czech Republic"]
[Date "2023.11.14"]
[Round "4.38"]
[White "Striz, Tadeas"]
[Black "Stejskal, Michal"]
[Result "0-1"]
[TimeControl "90 min per 40 moves + 15 min + 30 sec / move from move 1"]
[WhiteFideId "23723530"]
[BlackFideId "398195"]
[WhiteElo "1371"]
[BlackElo "1872"]

1. e4 e6 2. d3 d5 3. Nd2 Nf6 4. Ngf3 Nc6 5.
g3 Bc5 6. Bg2 dxe4 7. dxe4 e5 8. O-O O-O 9. c3 a5 10. Qe2 Qe7 11. a4 b6 12. Nb3 Ba6 13. c4 Bd6 14. Nh4 Qe6 15.
Nd2 Nd4 16. Qd3 Rad8 17. f4 Nc6 18. Qe2 Bc5+ 19. Kh1 exf4 20. Rxf4 Ne5 21. Bf1 Nd3 22. Rf3 Bb7 23. Rxf6 Qxf6 24.
Nf5 Qxf5 0-1

[Event "Polofinale MCR junioru 2023"]
[Site "Czech Republic"]
[Date "2023.11.14"]
[Round "4.39"]
[White "Sklar, Petr"]
[Black "Mydlar, Matej"]
[Result "0-1"]
[TimeControl "90 min per 40 moves + 15 min + 30 sec / move from move 1"]
[WhiteFideId "23731141"]
[BlackFideId "23735074"]
[WhiteElo "1160"]
[BlackElo "1809"]

1. f4 c5 2. e4 d6 3. Bb5+ Nc6 4. Nf3 Nf6 5. d3 g6 6. O-O Bg7 7. Nc3 O-O 8. Bxc6 bxc6 9.
Be3 Ng4 10. Qd2 Nxe3 11. Qxe3 Qb6 12. Rab1 Bd4 13. Nxd4 cxd4 14. Qg3 dxc3+ 15. Kh1 cxb2 16. h4 Qd4 17. h5 Rb8 18. f5 Qg7 19. f6 exf6 20. Qxd6 Be6 21. hxg6 hxg6 22. Qxc6 Bxa2 23. c4 Bxb1 24.
Rxb1 Qh6+ 25. Kg1 Qe3+ 26. Kh2 Qxd3 0-1

[Event "Polofinale MCR junioru 2023"]
[Site "Czech Republic"]
[Date "2023.11.14"]
[Round "5.1"]
[White "Hak, David"]
[Black "Jun, Rudolf"]
[Result "1/2-1/2"]
[TimeControl "90 min per 40 moves + 15 min + 30 sec / move from move 1"]
[WhiteFideId "377007"]
[BlackFideId "376612"]
[WhiteElo "2253"]
[BlackElo "2260"]

1. e4 c5 2. Nf3 Nc6 3. d4 cxd4 4. Nxd4 Nf6 5. Nc3 e5 6. Ndb5 d6 7. Nd5 Nxd5 8. exd5 Ne7 9. c3 Nf5 10.
a4 Be7 11. Bd3 O-O 12. O-O g6 13. Kh1 Re8 14. f4 a6 15. Na3 exf4 16. Bxf4 Bg5 17. Qd2 Bxf4 18. Qxf4 Qh4 19. Qxh4 Nxh4 20.
Nc4 Bf5 21. Rad1 Rad8 22. g3 Bxd3 23. Rxd3 Nf5 24. g4 Nh6 25. Ne3 Re5 26. h3 Kg7 27. Kg2 f5 28. Kg3 fxg4 29. hxg4 Nf7 30.
Nc4 Re4 31. Rf4 Re2 32. Rd2 Re7 33. Na5 Ng5 34. Kg2 Rdd7 35. Rb4 h5 36. gxh5 gxh5 37. Rf2 Ne4 38. Re2 Nc5 39. Rxe7+ Rxe7 40. Rb6 Nxa4 41. Rxb7 Rxb7 42.
Nxb7 Kf6 43. c4 Nxb2 44. Nxd6 Ke5 45. Nf7+ Kf6 1/2-1/2

[Event "Polofinale MCR junioru 2023"]
[Site "Czech Republic"]
[Date "2023.11.14"]
[Round "5.2"]
[White "Hurtik, Matej"]
[Black "Seidl, Jan"]
[Result "0-1"]
[TimeControl "90 min per 40 moves + 15 min + 30 sec / move from move 1"]
[WhiteFideId "397997"]
[BlackFideId "23714522"]
[WhiteElo "2131"]
[BlackElo "2224"]

1. e4 c6 2. d4 d5 3. e5 Bf5 4. Nc3 e6 5. g4 Bg6 6. Nge2 c5 7. h4 h5 8. Nf4 Bh7 9. Bb5+ Nc6 10.
Nxh5 cxd4 11. Qxd4 Nge7 12. Bg5 a6 13. Bxc6+ Nxc6 14. Qd2 Qb6 15. O-O-O d4 16. Rhe1 Nb4 17. a3 Nxc2 18. Ne4 Bxe4 19.
Rxe4 Rc8 20. Qxc2 Rxc2+ 21. Kxc2 Qc6+ 22. Kd3 Be7 23. Nxg7+ Kf8 24. Bf6 Rxh4 25. Bxh4 Bxh4 26. Nh5 Bxf2 27.
Nf6 Qa4 28. Ke2 Kg7 29. Rh1 Qc2+ 30. Kf3 Be3 31. Rf1 Qd3 32. Rh1 Kg6 33. Re1 Bd2+ 34. Kf2 Bxe1+ 35. Rxe1 Qc2+ 36. Kf3 d3 37.
Rh1 0-1

[Event "Polofinale MCR junioru 2023"]
[Site "Czech Republic"]
[Date "2023.11.14"]
[Round "5.3"]
[White "Bokhnak, Timofey"]
[Black "Skypala, Ondrej"]
[Result "1/2-1/2"]
[TimeControl "90 min per 40 moves + 15 min + 30 sec / move from move 1"]
[WhiteFideId "14172976"]
[BlackFideId "366285"]
[WhiteElo "2210"]
[BlackElo "2159"]

1. e4 e6 2. d4 d5 3. e5 c5 4. c3 Nc6 5. Nf3 Bd7 6. Bd3 cxd4 7. cxd4 Qb6 8. O-O Nxd4 9. Nbd2 Nc6 10.
Nb3 h6 11. Be3 Qc7 12. Rc1 a6 13. Nc5 Nge7 14. b4 Nc8 15. a4 Bxc5 16. Rxc5 Qb8 17. b5 axb5 18. axb5 Nxe5 19. Bf4 Nxf3+ 20. Qxf3 Qa7 21. Rfc1 Ne7 22. Qg3 O-O 23. Bxh6 Ng6 24. Be3 Qa3 25. Bxg6 fxg6 26. Qxg6 Qb2 27. Qg4 Ra1 28. b6 Rxc1+ 29. Rxc1 Rxf2 30. Re1 Rf7 31. Bd4 Qd2 32. Ra1 Qh6 33. Qg3 Qf4 34. Ra8+ 1/2-1/2

[Event "Polofinale MCR junioru 2023"]
[Site "Czech Republic"]
[Date "2023.11.14"]
[Round "5.4"]
[White "Vojta, Jakub"]
[Black "Lihotsky, Lukas"]
[Result "1/2-1/2"]
[TimeControl "90 min per 40 moves + 15 min + 30 sec / move from move 1"]
[WhiteFideId "382515"]
[BlackFideId "23727004"]
[WhiteElo "2267"]
[BlackElo "2100"]

1. c4 e6 2. Nf3 d5 3. g3 Nf6 4. Bg2 dxc4 5. Qa4+ Bd7 6. Qxc4 c5 7. Ne5 Qc8 8. O-O Nc6 9. f4 Be7 10.
b3 O-O 11. Bb2 Rd8 12. e3 Qc7 13. Nc3 a6 14. Qe2 Rac8 15. Rac1 Be8 16. Rfd1 Nxe5 17. fxe5 Nd7 18. d4 Qb8 19.
Ne4 cxd4 20. exd4 Nb6 21. h4 Nd5 22. Kh2 Rxc1 23. Bxc1 Qc7 24. Bg5 h6 25. Bxe7 Qxe7 26. Rc1 Qb4 27.
Rc4 Qa5 28. Rc5 Qb4 29. Qf2 Bc6 30. Nd6 Rf8 31. Rc4 Qb6 32. Bh3 Nc7 33. Rc5 Nb5 34. Nxb5 1/2-1/2

[Event "Polofinale MCR junioru 2023"]
[Site "Czech Republic"]
[Date "2023.11.14"]
[Round "5.5"]
[White "Lang, Simon"]
[Black "Winter, Ondrej"]
[Result "1-0"]
[TimeControl "90 min per 40 moves + 15 min + 30 sec / move from move 1"]
[WhiteFideId "23712449"]
[BlackFideId "23702192"]
[WhiteElo "2090"]
[BlackElo "2163"]

1. e4 d6 2. d4 Nf6 3. Nc3 g6 4. h3 c6 5. g3 Bg7 6. Bg2 Nbd7 7. a4 O-O 8. Nge2 e5 9. Be3 Re8 10.
O-O a5 11. g4 exd4 12. Bxd4 Qe7 13. Ng3 Nc5 14. Qd2 Be6 15. f4 Bc4 16. g5 Nfd7 17. Bxg7 Bxf1 18. Bf6 Nxf6 19. gxf6 Qxf6 20. Rxf1 Qh4 21.
Qf2 Rad8 22. Kh2 Nd7 23. Qd4 Nf6 24. Bf3 Re6 25. Qd2 Ree8 26. Rg1 Kh8 27. Nce2 d5 28. e5 Ne4 29. Bxe4 dxe4 30.
Qc3 e3 31. Ne4 Re6 32. Ng5 Rd2 33. Qxe3 Rxe2+ 34. Qxe2 Qxf4+ 35. Rg3 Re7 36. Qf3 Qd4 1-0

[Event "Polofinale MCR junioru 2023"]
[Site "Czech Republic"]
[Date "2023.11.14"]
[Round "5.6"]
[White "Vilimek, Vit"]
[Black "Bohacek, Jan Andrej"]
[Result "0-1"]
[TimeControl "90 min per 40 moves + 15 min + 30 sec / move from move 1"]
[WhiteFideId "23718218"]
[BlackFideId "23727357"]
[WhiteElo "2163"]
[BlackElo "2066"]

1. e4 c6 2. d4 d5 3. e5 c5 4. dxc5 e6 5. a3 Bxc5 6. b4 Be7 7. Nf3 f6 8. Bb2 a5 9. b5 Nd7 10.
c4 Nxe5 11. Nxe5 fxe5 12. Bxe5 Nf6 13. Nd2 O-O 14. Be2 Nd7 15. Bb2 Nc5 16. Nf3 a4 17. O-O Nb3 18. Rb1 Bc5 19. Nd4 Nxd4 20.
Bxd4 Bxa3 21. Qc2 Bd6 22. Qc3 Qg5 23. c5 Bb8 24. c6 e5 25. Be3 Qg6 26. c7 Bxc7 27. Qxc7 Bh3 28. g3 Qe4 0-1

[Event "Polofinale MCR junioru 2023"]
[Site "Czech Republic"]
[Date "2023.11.14"]
[Round "5.8"]
[White "Pavlis, Matej"]
[Black "Fizer, Marek"]
[Result "1-0"]
[TimeControl "90 min per 40 moves + 15 min + 30 sec / move from move 1"]
[WhiteFideId "23735767"]
[BlackFideId "391980"]
[WhiteElo "1974"]
[BlackElo "2162"]

1. d4 d5 2. Nf3 e6 3. c4 Nf6 4. g3 Be7 5. Bg2 O-O 6. O-O dxc4 7. Qc2 b5 8. a4 Bb7 9. axb5 a6 10.
bxa6 Nxa6 11. Qxc4 Bd5 12. Qd3 Nb4 13. Rxa8 Qxa8 14. Qe3 h6 15. Nc3 Bc6 16. Ne1 Bxg2 17. Nxg2 Rd8 18. Rd1 Qa7 19.
Ne1 Nfd5 20. Qf3 c5 21. dxc5 Qxc5 22. Nd3 Qa5 23. Nxb4 Nxb4 24. Rxd8+ Bxd8 25. Kg2 Qa1 26. Qf4 Bg5 27.
Qb8+ Kh7 28. Bxg5 Na6 29. Qb7 hxg5 30. Qxf7 Qxb2 31. Qh5+ Kg8 32. Qe8+ Kh7 33. Qxe6 Qxc3 34. Qxa6 Qe5 35.
Qd3+ Kh6 36. h3 Qe6 37. e4 Kg6 38. e5+ Kf7 39. Qe4 Qd7 40. g4 g6 41. Qf3+ Ke8 42. Qf6 Qd5+ 43. Kh2 Qf7 44.
Qxf7+ Kxf7 45. Kg3 Ke6 46. f4 Kd5 1-0

[Event "Polofinale MCR junioru 2023"]
[Site "Czech Republic"]
[Date "2023.11.14"]
[Round "5.9"]
[White "Jasso, Matej"]
[Black "Ocelak, Jakub"]
[Result "1/2-1/2"]
[TimeControl "90 min per 40 moves + 15 min + 30 sec / move from move 1"]
[WhiteFideId "23710748"]
[BlackFideId "23707933"]
[WhiteElo "2033"]
[BlackElo "2238"]

1. e4 e5 2. Nf3 Nc6 3. Bb5 a6 4. Ba4 Nf6 5. d3 d6 6. c3 g6 7. O-O Bg7 8. Nbd2 O-O 9. Re1 Kh8 10.
Nf1 Nd7 11. h3 f5 12. Bg5 Bf6 13. Bh6 Re8 14. Ne3 Nb6 15. Bb3 Qe7 16. exf5 gxf5 17. d4 Bd7 18. Qc2 e4 19. d5 Ne5 20.
Nd4 Nd3 21. Nexf5 Nxe1 22. Rxe1 Bxf5 23. Nxf5 Qf7 24. Rxe4 Rxe4 25. Qxe4 Re8 26. Qf3 Nd7 27. Ne3 Qg6 28. Bf4 Be5 29.
Bc2 Qf7 30. Bf5 Bxf4 31. Qxf4 Ne5 32. Qh4 Ng6 33. Qg4 Rf8 34. Qg3 Ne7 35. Be6 Qf4 36. Qxf4 Rxf4 37. g3 Rf8 38. f4 Kg7 39.
Kg2 h6 40. f5 h5 41. g4 hxg4 42. hxg4 Kf6 43. Kg3 Ke5 44. Kf3 b5 45. b3 Rh8 46. Nf1 Rh1 47. Ng3 Rc1 48. Ne2 1/2-1/2

[Event "Polofinale MCR junioru 2023"]
[Site "Czech Republic"]
[Date "2023.11.14"]
[Round "5.10"]
[White "Soucek, Petr"]
[Black "Simunek, Jakub Simon"]
[Result "1-0"]
[TimeControl "90 min per 40 moves + 15 min + 30 sec / move from move 1"]
[WhiteFideId "23715170"]
[BlackFideId "23709464"]
[WhiteElo "2227"]
[BlackElo "1970"]

1. e4 e6 2. d4 d5 3. Nc3 Bb4 4. e5 c5 5. a3 Bxc3+ 6. bxc3 Ne7 7. Qg4 Qc7 8. Qxg7 Rg8 9. Qxh7 cxd4 10.
Ne2 dxc3 11. f4 Nbc6 12. Qd3 d4 13. Nxd4 Nxd4 14. Qxd4 Bd7 15. Rg1 Nf5 16. Qf2 Qc6 17. Bd3 Qd5 18.
Be3 Nxe3 19. Qxe3 Rxg2 20. Rxg2 Qxg2 21. Be4 Qd2+ 22. Qxd2 cxd2+ 23. Kxd2 O-O-O 24. Rh1 Bc6+ 25. Ke3 Bxe4 26.
Kxe4 Rd2 27. h4 Kd7 28. h5 Rxc2 29. h6 Rc4+ 30. Kf3 Rc8 31. h7 Rh8 32. Kg4 Ke7 33. Kg5 f6+ 34. Kg6 1-0

[Event "Polofinale MCR junioru 2023"]
[Site "Czech Republic"]
[Date "2023.11.14"]
[Round "5.11"]
[White "Tillman, Stanislav"]
[Black "Hlavina, Matous"]
[Result "1/2-1/2"]
[TimeControl "90 min per 40 moves + 15 min + 30 sec / move from move 1"]
[WhiteFideId "23714247"]
[BlackFideId "386650"]
[WhiteElo "2021"]
[BlackElo "2134"]

1. e4 d5 2. exd5 Nf6 3. d4 Nxd5 4. c4 Nb6 5. Nf3 g6 6. Be2 Bg7 7. Nc3 O-O 8. h3 Nc6 9. Be3 e5 10.
d5 Ne7 11. O-O Nf5 12. Bc5 Re8 13. Ne4 Nd6 14. Nxd6 cxd6 15. Bb4 a5 16. Bc3 Bd7 17. b3 Qc7 18. Qd2 Nc8 19. a3 Ne7 20.
b4 axb4 21. axb4 b6 22. Nxe5 Rxa1 23. Rxa1 Nxd5 24. Qxd5 dxe5 25. Ra8 Rxa8 26. Qxa8+ Bf8 27. Qd5 Bd6 28. c5 bxc5 29. bxc5 Qxc5 30. Qxc5 Bxc5 31. Bxe5 Be6 32.
Bf3 1/2-1/2

[Event "Polofinale MCR junioru 2023"]
[Site "Czech Republic"]
[Date "2023.11.14"]
[Round "5.12"]
[White "Pecka, Jan"]
[Black "Janous, Marek"]
[Result "1/2-1/2"]
[TimeControl "90 min per 40 moves + 15 min + 30 sec / move from move 1"]
[WhiteFideId "23712520"]
[BlackFideId "23709650"]
[WhiteElo "1999"]
[BlackElo "2098"]

1. d4 Nf6 2. c4 c5 3. d5 b5 4. cxb5 a6 5. b6 e6 6. Nc3 Qxb6 7. g3 exd5 8. Bg2 Bb7 9. Nxd5 Nxd5 10.
Bxd5 Bxd5 11. Qxd5 Qc6 12. Qe5+ Qe6 13. Nf3 Qxe5 14. Nxe5 d5 15. b3 Nd7 16. Nxd7 Kxd7 17. Ba3 Be7 18. Rc1 Rhc8 19. e3 a5 20.
Bb2 g6 21. Ke2 a4 22. Rhd1 Ke6 23. e4 Rd8 24. exd5+ Rxd5 25. Rxd5 Kxd5 26. Rd1+ Kc6 27. Be5 axb3 28. axb3 Ra7 29.
Rd3 Rd7 30. Rxd7 Kxd7 31. Kd3 Ke6 32. Bf4 Kd5 33. Be3 Bd6 34. Bg5 Be5 35. Be3 Bd6 36. Bg5 Ke5 37. Ke4+ 1/2-1/2

[Event "Polofinale MCR junioru 2023"]
[Site "Czech Republic"]
[Date "2023.11.14"]
[Round "5.13"]
[White "Trojan, Matyas"]
[Black "Jirasko, Miroslav"]
[Result "0-1"]
[TimeControl "90 min per 40 moves + 15 min + 30 sec / move from move 1"]
[WhiteFideId "23710764"]
[BlackFideId "23729414"]
[WhiteElo "1957"]
[BlackElo "2084"]

1. e4 c5 2. Nf3 Nc6 3. d4 cxd4 4. Nxd4 e5 5. Nb5 d6 6. c4 g6 7. Bd3 Bg7 8. O-O Nf6 9. b3 a6 10.
N5c3 O-O 11. Bb2 Nd4 12. Nd5 Nh5 13. Bxd4 exd4 14. Nd2 Be6 15. f4 Rc8 16. f5 Bxd5 17. exd5 Qg5 18. Ne4 Qe3+ 19. Kh1 Be5 20. f6 Qh6 21. Rf3 Nf4 22. g3 Nxd3 23.
Qxd3 b5 24. Re1 bxc4 25. bxc4 Rb8 26. Re2 Qc1+ 27. Kg2 Rb1 28. g4 Rfb8 29. Nd2 Qh1+ 30. Kh3 Rc1 31. Ref2 Rb2 32. Qa3 Rxd2 33.
Rxd2 Rc3 34. Rxc3 dxc3 35. Rf2 Qg1 36. Qa4 Bxf6 37. Rxf6 Qe3+ 38. Kg2 Qe4+ 39. Rf3 c2 40. Qd7 f5 41.
Qd8+ Kg7 42. Qd7+ Kh6 43. g5+ Kxg5 44. Qxh7 c1=Q 45. h4+ Kf6 46. Qh8+ Ke7 47. Qg7+ Kd8 48. Qf8+ Kd7 49. Qf7+ Qe7 50.
Qxg6 Qe2+ 0-1

[Event "Polofinale MCR junioru 2023"]
[Site "Czech Republic"]
[Date "2023.11.14"]
[Round "5.14"]
[White "Pelc, Adam"]
[Black "Bezdek, Tomas"]
[Result "1/2-1/2"]
[TimeControl "90 min per 40 moves + 15 min + 30 sec / move from move 1"]
[WhiteFideId "23723033"]
[BlackFideId "23733551"]
[WhiteElo "1856"]
[BlackElo "2078"]

1. e4 d6 2. d4 Nf6 3. Nc3 Nbd7 4. Bc4 e5 5. Nf3 Be7 6. dxe5 dxe5 7. O-O O-O 8. Qe2 c6 9. a4 Qc7 10.
b3 b6 11. Nh4 Nc5 12. Nf5 Bxf5 13. exf5 a6 14. Be3 b5 15. axb5 axb5 16. Rxa8 Rxa8 17. Bxc5 Bxc5 18. Bd3 Bd4 19.
Ne4 Nd5 20. f6 g6 21. Qg4 Nc3 22. Qf3 b4 23. Ng5 Nd5 24. Ne4 Nc3 25. Ng5 Nd5 1/2-1/2

[Event "Polofinale MCR junioru 2023"]
[Site "Czech Republic"]
[Date "2023.11.14"]
[Round "5.15"]
[White "Steinbauer, Sebastian"]
[Black "Stocek, Martin"]
[Result "0-1"]
[TimeControl "90 min per 40 moves + 15 min + 30 sec / move from move 1"]
[WhiteFideId "399272"]
[BlackFideId "380121"]
[WhiteElo "1869"]
[BlackElo "2125"]

1. e4 c6 2. Nc3 d5 3. Nf3 Bg4 4. h3 Bxf3 5. Qxf3 e6 6. exd5 cxd5 7. Bb5+ Nc6 8. O-O Nf6 9. d3 Be7 10.
Ne2 O-O 11. d4 Qb6 12. Bxc6 Qxc6 13. c3 b5 14. a3 a5 15. Bg5 Qb7 16. Ng3 Rfc8 17. Rfc1 Rab8 18. Bf4 Ra8 19. Bg5 Ra6 20.
Nh5 Nxh5 21. Bxe7 Qxe7 22. Qxh5 Rac6 23. Qd1 g6 24. Qd2 Rb8 25. b4 Qc7 26. Rc2 Rc8 27. Rac1 Rc4 28. Qe3 axb4 29.
axb4 Qd6 30. f4 R8c6 31. g3 Qc7 32. Qd3 f6 33. Kf2 Kg7 34. Re2 g5 35. fxg5 Rxc3 36. gxf6+ Kxf6 37. Rxc3 Rxc3 38. Qd2 Qxg3+ 39. Kf1 Rf3+ 40.
Rf2 Qxf2+ 41. Qxf2 Rxf2+ 42. Kxf2 e5 43. Ke3 Kf5 44. h4 h5 0-1

[Event "Polofinale MCR junioru 2023"]
[Site "Czech Republic"]
[Date "2023.11.14"]
[Round "5.16"]
[White "Mrazek, Roman"]
[Black "Davidek, Zdenek"]
[Result "1/2-1/2"]
[TimeControl "90 min per 40 moves + 15 min + 30 sec / move from move 1"]
[WhiteFideId "23707062"]
[BlackFideId "23725001"]
[WhiteElo "1866"]
[BlackElo "2099"]

1. e4 c6 2. d4 d5 3. exd5 cxd5 4. c4 Nf6 5. Nc3 g6 6. h3 Bg7 7. Nf3 O-O 8. Be3 Nc6 9. Rc1 b6 10.
Be2 Bb7 11. O-O dxc4 12. Bxc4 Rc8 13. Be2 Nd5 14. Nxd5 Qxd5 15. Bc4 Qd6 16. Qd2 Rfd8 17. Rfd1 Na5 18. Be2 Rxc1 19. Qxc1 Rc8 20.
Qb1 Nc4 21. Rc1 Nxe3 22. Rxc8+ Bxc8 23. fxe3 Be6 24. b3 a5 25. Kf2 Qc6 26. Qd3 h6 27. e4 Qd6 28. Qd2 Qc7 29. Bb5 Kh7 30.
Qd3 f5 31. e5 Bd5 32. Bc4 Be4 33. Qc3 Qc6 34. a4 Bf8 35. Qd2 e6 36. Bb5 Qc7 37. Bc4 Bb4 38. Qe3 Qc6 39. Kg1 Kg7 40.
Kh2 Kh7 41. h4 Kg7 42. Qf2 Bc3 43. Qe3 Bb4 44. Qf2 Bc3 45. Qe3 Bb4 1/2-1/2

[Event "Polofinale MCR junioru 2023"]
[Site "Czech Republic"]
[Date "2023.11.14"]
[Round "5.17"]
[White "Kubiczek, Michal"]
[Black "Bednar, Milos"]
[Result "1-0"]
[TimeControl "90 min per 40 moves + 15 min + 30 sec / move from move 1"]
[WhiteFideId "23706996"]
[BlackFideId "23709812"]
[WhiteElo "2068"]
[BlackElo "1833"]

1. d4 d5 2. c4 e6 3. Nf3 Nf6 4. g3 c5 5. cxd5 exd5 6. Bg2 Nc6 7. O-O Bf5 8. Bg5 h6 9. Bxf6 Qxf6 10.
Nc3 O-O-O 11. dxc5 Bxc5 12. Rc1 d4 13. Nb5 Bb6 14. Qa4 Kb8 15. Nd2 Rhe8 16. Nc4 Ne5 17. Na5 Re7 18. Nc4 Nxc4 19.
Qxc4 a6 20. Na3 d3 21. Qf4+ Bc7 22. Qb4 Bd6 23. Qb6 Rde8 24. exd3 Bxa3 25. Qxf6 gxf6 26. bxa3 Bxd3 27. Rfd1 Bf5 28.
Bd5 Bh3 29. Bg2 Be6 30. Rd2 Bc8 31. h4 Re1+ 32. Rxe1 Rxe1+ 33. Kh2 Be6 34. Rb2 Bc8 35. Bd5 Re7 36. Kg2 Rd7 37. Be4 Rd4 38.
Rb4 Rd2 39. Rb6 Rxa2 40. Rxf6 h5 41. Rf3 Be6 42. Rc3 Bg4 43. Bd5 Ra1 44. Bxf7 b6 1-0

[Event "Polofinale MCR junioru 2023"]
[Site "Czech Republic"]
[Date "2023.11.14"]
[Round "5.18"]
[White "Siles, Jan"]
[Black "Hozda, Max"]
[Result "1/2-1/2"]
[TimeControl "90 min per 40 moves + 15 min + 30 sec / move from move 1"]
[WhiteClock "00:00:32"]
[BlackClock "00:00:08"]
[WhiteFideId "23715405"]
[BlackFideId "23725958"]
[WhiteElo "1829"]
[BlackElo "2045"]

1. d4 d5 2. c4 c6 3. Nc3 Nf6 4. cxd5 cxd5 5. Bf4 Nc6 6. e3 Bf5 7. Qb3 Na5 8. Qa4+ Bd7 9. Qc2 Rc8 10.
Bd3 e6 11. a3 Be7 12. Nf3 Qb6 13. Qe2 Nb3 14. Rb1 a6 15. O-O O-O 16. Ne5 Be8 17. g4 Nd7 18. Nf3 Nb8 19. Bc2 f6 20.
h4 Na5 21. h5 Bd6 22. Qd3 f5 23. gxf5 Bxh5 24. Ng5 Rxf5 25. Nxe6 Bg6 26. Qe2 Bxf4 27. Bxf5 Bh2+ 28. Kxh2 Bxf5 29.
Nf4 Rc6 30. Ncxd5 Rh6+ 31. Kg1 Qd8 32. f3 Bxb1 33. Rxb1 g5 34. Qg2 Kh8 35. Rc1 Nac6 36. Rc5 gxf4 37. Nxf4 Qh4 38. Kf1 Nd7 39.
Rd5 Qe7 40. Kf2 Qh4+ 41. Ke2 Nf6 42. Rc5 Nh5 43. Rxh5 Rxh5 44. Nxh5 Qxh5 45. Qg3 Qf7 46. Qg5 Qg6 47. Qxg6 hxg6 48.
d5 Ne7 49. e4 Kg7 50. Ke3 Kf6 51. f4 Nc8 52. b4 Nb6 53. Kd4 Nd7 54. e5+ Ke7 55. a4 Nb6 56. a5 Nd7 57. Ke4 1/2-1/2